 Dungeon Crawl Stone Soup version 0.24.1-14-gf8d2b509d9 (webtiles) character file.

Game seed: 2929086674099356335, levelgen mode: deterministic

247 Borgilos the Chopper (level 5, -4/45 HPs)
             Began as a Minotaur Gladiator on May 19, 2020.
             Was a Follower of Wu Jian.
             Slain by Duvessa
             ... wielding a +3 short sword of speed
              (8 damage)
             ... on level 4 of the Dungeon.
             The game lasted 00:46:58 (3780 turns).

Borgilos the Chopper (Minotaur Gladiator)           Turns: 3780, Time: 00:46:58

Health: -4/45      AC: 11    Str: 19    XL:     5   Next: 85%
Magic:  4/4        EV:  7    Int:  5    God:    Wu Jian [*.....]
Gold:   164        SH:  0    Dex: 12    Spells: 4/4 levels left

rFire    . . .     SeeInvis .   u - +0 flail
rCold    + . .     Gourm    .   (no shield)
rNeg     . . .     Faith    .   D - +0 plate armour
rPois    .         Spirit   .   c - +0 hat
rElec    .         Reflect  .   (no cloak)
rCorr    .         Harm     .   (no gloves)
MR       .....                  (no boots)
Stlth    ..........             (no amulet)
HPRegen  0.15/turn              e - ring of protection from cold
MPRegen  0.09/turn              (no ring)

@: no status effects
A: retaliatory headbutt, horns 2
a: Renounce Religion


You were on level 4 of the Dungeon.
You worshipped Wu Jian.
Wu Jian was aware of your devotion.
You were not hungry.

You visited 1 branch of the dungeon, and saw 4 of its levels.

You collected 164 gold pieces.

Inventory:

Hand Weapons
 a - a +0 war axe
 k - a +0 arbalest
 r - a +0 hunting sling
 u - a +0 flail (weapon)
 E - a +0 whip
Missiles
 d - 3 throwing nets
 q - 122 stones
 s - 2 javelins (quivered)
 t - 13 arrows
 B - 3 curare-tipped darts
Armour
 c - a +0 hat (worn)
 v - a +0 chain mail of fire resistance
 D - a +0 plate armour (worn)
Jewellery
 e - a ring of protection from cold (left hand)
Wands
 g - a wand of flame (12)
 o - a wand of polymorph (7)
Scrolls
 b - a scroll of identify
 i - 3 scrolls of amnesia
 j - 2 scrolls of enchant weapon {unknown}
 m - 5 scrolls of remove curse {unknown}
 n - a scroll of fog {unknown}
 w - a scroll of fear {unknown}
 y - a scroll of blinking {unknown}
 F - a scroll of teleportation
Potions
 h - a potion of haste {unknown}
 l - 2 potions of might {unknown}
 p - 2 potions of curing {unknown}
 x - a potion of brilliance {unknown}
 A - a potion of berserk rage {unknown}
 C - a potion of degeneration {unknown}
 G - a potion of ambrosia {unknown}
Comestibles
 f - 3 rations


   Skills:
 + Level 3.2 Fighting
 + Level 5.1(5.3) Axes
 + Level 2.1(3.9) Maces & Flails
 * Level 2.8 Throwing
 + Level 3.0 Armour
 + Level 4.2 Dodging
 + Level 0.1 Stealth


You had 4 spell levels left.
You didn't know any spells.
Your spell library was empty.

Dungeon Overview and Level Annotations

Branches:
Dungeon (4/15)
 Temple: D:4-7

Altars:
Nemelex Xobeh
Qazlal
Vehumet
Wu Jian

Annotations:
D:4 Duvessa


Innate Abilities, Weirdness & Mutations

You reflexively headbutt those who attack you in melee.
You have a pair of horns on your head.


Message History

You hit Duvessa but do no damage. You headbutt Duvessa.
Duvessa is almost dead.
Duvessa hits you with a +3 short sword of speed!
Duvessa hits you with a +3 short sword of speed.
* * * LOW HITPOINT WARNING * * *
Duvessa hits you with a +3 short sword of speed.
* * * LOW HITPOINT WARNING * * *
Duvessa hits you but does no damage. Duvessa hits you but does no damage.
Duvessa hits you with a +3 short sword of speed.
* * * LOW HITPOINT WARNING * * *
You hear the slow hiss of a very distant avalanche of sand.
Duvessa closely misses you.
Duvessa rages.
Duvessa hits you with a +3 short sword of speed.
* * * LOW HITPOINT WARNING * * *
There is a stone staircase leading up here.
You can't go down here!
Duvessa hits you with a +3 short sword of speed!
You die...

##########
#........#
#........#
#........#
#..@.....#
#..e.....#
#.....)..#
#........#
#........#
#........#
#........#
#........#
.
#........#
.


You could see Duvessa (berserk).

Vanquished Creatures
  Dowan (D:4)
  Ijyb (D:3)
  Terence (D:3)
  6 adders (D:3)
  An ooze (D:1)
  A worm (D:2)
  5 dart slugs
  2 leopard geckos
  9 orcs
  A ball python (D:1)
  2 giant cockroaches
  6 goblins
  11 hobgoblins
  2 jackals (D:2)
  5 kobolds
  A quokka (D:3)
  8 bats
  A frilled lizard (D:3)
  8 rats
  2 plants (D:3)
74 creatures vanquished.

Notes
Turn   | Place    | Note
-------+----------+-------------------------------------------
     0 | D:1      | Borgilos the Minotaur Gladiator began the quest for the
                  | Orb.
     0 | D:1      | Reached XP level 1. HP: 18/18 MP: 0/0
   324 | D:1      | Reached XP level 2. HP: 25/25 MP: 1/1
   468 | D:1      | Reached skill level 4 in Axes
  1045 | D:1      | Reached XP level 3. HP: 28/30 MP: 2/2
  1254 | D:2      | Found an ornate altar of the Wu Jian Council.
  1293 | D:2      | Became a worshipper of the Wu Jian Council
  1670 | D:2      | Found a stormy altar of Qazlal.
  1679 | D:2      | Found a radiant altar of Vehumet.
  1688 | D:2      | Found a sparkling altar of Nemelex Xobeh.
  2140 | D:3      | Noticed Terence
  2156 | D:3      | Killed Terence
  2156 | D:3      | Reached skill level 1 in Armour
  2156 | D:3      | Reached XP level 4. HP: 29/37 MP: 3/3
  2412 | D:3      | Noticed Ijyb
  2453 | D:3      | Killed Ijyb
  2637 | D:3      | Reached skill level 5 in Axes
  2650 | D:3      | Reached XP level 5. HP: 40/44 MP: 4/4
  2668 | D:3      | Reached * piety under Wu Jian
  2910 | D:3      | Reached skill level 1 in Maces & Flails
  3734 | D:4      | Noticed Dowan
  3735 | D:4      | Noticed Duvessa
  3762 | D:4      | Killed Dowan
  3780 | D:4      | Slain by Duvessa

Levels and vault maps discovered:
D:1:      dpeg_arrival_arbitrary_c, layout_basic
D:2:      layout_basic, grunt_temple_overflow_diamond, lemuel_round_altar
D:3:      minmay_razor_zed, layout_basic, first_ration,
          minmay_misc_feat_more_columns, serial_bayou_pond_d, uniq_ijyb,
          uniq_terence
D:4:      layout_gridville, nicolae_ossuary_entry_monument, uniq_duvessa,
          uniq_eustachio

Skill      XL: |  1  2  3  4  5 |
---------------+----------------+-----
Axes           | 4 5 |  5.1
Dodging        | 4 |  4.2
Armour         | 1 2 3 |  3.0
Fighting       | 3 |  3.2
Maces & Flails | 2 |  2.1
Throwing       | |  2.8
Stealth        | |  0.1

Action                   |  1- 3 |  4- 6 || total
-------------------------+-------+-------++-------
Melee: War axe           |    73 |       ||    73
       Headbutt          |     8 |    33 ||    41
       Flail             |       |   160 ||   160
       Whip              |       |     3 ||     3
Invok: Lunge             |     2 |     3 ||     5
       Whirlwind         |       |     7 ||     7
  Use: Scroll            |     1 |     1 ||     2
       Potion            |       |     1 ||     1
  Eat: Chunk             |     4 |     5 ||     9
Armor: Leather armour    |     4 |       ||     4
       Ring mail         |    19 |       ||    19
       Chain mail        |       |    24 ||    24
       Plate armour      |       |    43 ||    43
Dodge: Dodged            |    50 |    64 ||   114
